Cogmind - Beta 17 @@@ ROGUE MODE // 2026.07.12 @ 18:10:06 Player: JoshuaCF Result: Destroyed by 8O-EJO(x) with Makeshift Spear Performance ------------- Evolutions (0) 0 Regions Visited (3) 600 Robots Destroyed (3) 15 Value Destroyed (30) 30 Prototype IDs (12) 240 Alien Tech Used (0) 0 Bonus (800) 800 TOTAL SCORE: 1685 Bonus ------- Registered with UFD 300 Met Optimus in HQ 500 Cogmind --------- Core Integrity 0/250 Matter 262/300 Energy 290/290 System Corruption 0% Temperature Cool (23) Movement Walking (170) Ox1 Location -8/Scraptown Parts ------- > --- POWER (1) -------- Improved Deuterium Engine > --- PROPULSION (2) --- Overtuned Titanium Leg Overtuned Titanium Leg > --- UTILITY (2) ------ Medium Storage Unit Improved Terrain Scan Processor > --- WEAPON (2) ------- Overtuned Pulse Rifle High-powered Shotgun > --- INVENTORY (10) --- Light Deuterium Engine Fusion Compressor Overtuned Titanium Leg Scrap Suit 0b10 Decoder Chip [Skirmisher] Overtuned Beamcaster Assault Rifle Overtuned Barrage Gun Overtuned Coil Gun Peak State ------------ > --- POWER ------------ Improved Deuterium Engine > --- PROPULSION ------- Overtuned Titanium Leg Overtuned Titanium Leg > --- UTILITY ---------- Medium Storage Unit Improved Terrain Scan Processor > --- WEAPON ----------- Overtuned Barrage Gun Overtuned Coil Gun > --- INVENTORY -------- Ion Engine Fusion Compressor Overtuned Titanium Leg Scrap Suit 0b10 Decoder Chip [Skirmisher] Overtuned Pulse Rifle Overtuned Beamcaster Assault Rifle High-powered Shotgun [Rating: 26] Favorites ----------- Power Ion Engine Engine Ion Engine Propulsion Aluminum Leg Leg Aluminum Leg Utility Improved Terrain Scan Processor Storage Medium Storage Unit Processor Improved Terrain Scan Processor Weapon Assault Rifle Energy Gun Medium Laser Ballistic Gun Assault Rifle Build | -11 -10 -10 -8 ------- Run | Yrd Mat Sub Scr Slots Evolved . | . . . . Power . | . . . . Propulsion . | . . . . Utility . | . . . . Weapon . | . . . . Parts Attached 18 | 6 . . 12 Power 2 | 1 . . 1 Engine 2 | 1 . . 1 Core . | . . . . Reactor . | . . . . Propulsion 7 | 2 . . 5 Treads . | . . . . Leg 7 | 2 . . 5 Wheel . | . . . . Hover . | . . . . Flight . | . . . . Utility 3 | 1 . . 2 Device . | . . . . Storage 2 | 1 . . 1 Processor 1 | . . . 1 Hackware . | . . . . Protection . | . . . . Artifact . | . . . . Weapon 6 | 2 . . 4 Energy Gun 2 | 1 . . 1 Energy Cannon . | . . . . Ballistic Gun 4 | 1 . . 3 Ballistic Cannon . | . . . . Launcher . | . . . . Special Weapon . | . . . . Impact Weapon . | . . . . Slashing Weapon . | . . . . Piercing Weapon . | . . . . Special Melee Weapon . | . . . . Unidentified Prototypes . | . . . . Parts Lost 1 | . . . 1 Power . | . . . . Propulsion 1 | . . . 1 Utility . | . . . . Weapon . | . . . . Highest Loss Streak 1 | . . . 1 To Critical Strikes . | . . . . Average Backups 8 | 2 6 7 8 Power 2 | . 1 3 2 Propulsion 1 | 1 4 2 . Utility 1 | . . . 1 Weapon 3 | . 1 1 3 Tool/Special . | . . . . Unused Backups 21 | . . 1 20 Power 7 | . . . 7 Propulsion 5 | . . 1 4 Utility 3 | . . . 3 Weapon 6 | . . . 6 Tool/Special . | . . . . Average Slot Usage (%) 98 | . 85 85 99 Engine 14 | . 14 14 14 Leg 28 | . 28 28 28 Storage 14 | . 14 14 14 Processor 12 | . . . 13 Energy Gun 11 | . 14 14 11 Ballistic Gun 16 | . 14 14 16 Peak Build Rating 26 | 6 6 7 26 Average Rating 11 | 4 6 6 12 On Entrance 4 | . 6 6 7 Avg Prop Armor Cover (%) 8 | . . . 8 Naked Turns . | . . . . Heaviest Build 28 | 14 14 14 28 Greatest Support 38 | 20 20 20 38 Greatest Overweight (x) 1 | 1 . . 1 Average Overweight (x) . | . . . . Largest Inventory Capacity 10 | 8 8 8 10 Average Capacity 9 | 6 8 8 9 Most Carried 10 | 6 8 8 10 Average Carried 9 | 2 6 7 9 Final Capacity 10 | 8 8 8 10 Final Carried 10 | 6 8 8 10 Class Distribution -------------------- 100% | Mutant Dominant Class ---------------- Mutant | -10/Materials Mutant | -10/Subcaves Mutant | -8/Scraptown Resources | -11 -10 -10 -8 ----------- Run | Yrd Mat Sub Scr Matter Collected 396 | 245 24 . 127 Remotely . | . . . . Salvage Created 43 | . 43 . . Parts 6 | . 6 . . Haulers Intercepted . | . . . . Recyclers Shooed . | . . . . Parts Field Recycled . | . . . . Retrieved Matter . | . . . . Parts Self-Destructed . | . . . . Prevented . | . . . . Parts Restored . | . . . . Kills | -11 -10 -10 -8 ------- Run | Yrd Mat Sub Scr Combat Hostiles Destroyed 3 | . 3 . . Guns 3 | . 3 . . Classes Destroyed 1 | . 1 . . Swarmer 3 | . 3 . . Best Kill Streak 3 | . 3 . . Combat Bots Only 3 | . 3 . . Max Kills in Single Turn 2 | . 2 . . Gunslinging 1 | . 1 . . Exploded . | . . . . Melee . | . . . . Uniques/NPCs Destroyed . | . . . . Combat | -11 -10 -10 -8 -------- Run | Yrd Mat Sub Scr Hostile Shots Fired 70 | . 13 . 57 Missed 18 | . 3 . 15 Hits 52 | . 10 . 42 Melee 9 | . . . 9 Projectile 43 | . 10 . 33 Critical Strikes 3 | . . . 3 Damage Taken 868 | . 76 . 792 Core 271 | . 24 . 247 Absorbed by Shields . | . . . . Core Remaining (%) 100 | 100 . . . Volleys Fired 9 | . 3 . 6 Largest 2 | . 2 . 2 Hottest 110 | . 70 . 110 Shots Fired 15 | . 6 . 9 Gun 15 | . 6 . 9 Cannon . | . . . . Launcher . | . . . . Special . | . . . . Kinetic 8 | . 3 . 5 Thermal 7 | . 3 . 4 Explosive . | . . . . Electromagnetic . | . . . . Robot Hit Streak 6 | . 2 . 6 Robot Miss Streak 2 | . 2 . 1 Penetration Max . | . . . . Secondary Targets 1 | . 1 . . Max Gunslinging Chain 1 | . 1 . . Shots Hit Robots 11 | . 3 . 8 Core Hits 3 | . 3 . . Critical Kills . | . . . . Critical Parts Destroyed . | . . . . Critical Strikes . | . . . . Melee Attacks . | . . . . Impact . | . . . . Slashing . | . . . . Piercing . | . . . . Sneak Attacks . | . . . . Combat Hostiles . | . . . . Follow-up Attacks . | . . . . Damage Inflicted 216 | . 40 . 176 Guns 216 | . 40 . 176 Cannons . | . . . . Explosions . | . . . . Melee . | . . . . Ramming . | . . . . Kinetic 134 | . 27 . 107 Thermal 82 | . 13 . 69 Explosive . | . . . . Electromagnetic . | . . . . Impact . | . . . . Slashing . | . . . . Piercing . | . . . . Highest Corruption . | . . . . Average Corruption . | . . . . Corruption Purged . | . . . . Corruption Blocked . | . . . . Overload Shots . | . . . . Overflow Damage . | . . . . Projectiles . | . . . . Explosions . | . . . . Melee . | . . . . Knockbacks . | . . . . Impact . | . . . . Kinetic . | . . . . Secondary . | . . . . Self-Inflicted Damage . | . . . . Shots . | . . . . Rammed . | . . . . Targets Rammed . | . . . . Kicked . | . . . . Crushed . | . . . . Highest Temperature 186 | . 18 . 186 Average Temperature 67 | . 9 . 79 Received Heat Transfer 242 | . . . 242 Siege Activations . | . . . . Martial Activations . | . . . . Shielding Activations . | . . . . Robots Disrupted . | . . . . Combat Hostiles . | . . . . Robots Corrupted . | . . . . Combat Hostiles . | . . . . Parts Fried . | . . . . Impact Corruptions . | . . . . Robots Melted . | . . . . Combat Hostiles . | . . . . Parts Melted . | . . . . Heat Transferred 187 | . 37 . 150 Parts Sabotaged . | . . . . Parts Stolen . | . . . . Parts Stripped . | . . . . Power Chain Reactions . | . . . . Alert | -11 -10 -10 -8 ------- Run | Yrd Mat Sub Scr Maximum Alert Level . | . . . . Low Security (%) 100 | 100 100 . . Level 1 . | . . . . Level 2 . | . . . . Level 3 . | . . . . Level 4 . | . . . . Level 5 . | . . . . High Security . | . . . . Max Security . | . . . . Peak Influence 70 | . 70 . . Initial . | . . . . Average 16 | . 34 . . Influence Increases 70 | . 70 . . Destroy 0b10 Robot/C 60 | . 60 . . Destroy Leader 10 | . 10 . . Influence Decreases 70 | . 20 45 5 Entered New Map 30 | . . 25 5 Time Decay 40 | . 20 20 . Squads Dispatched . | . . . . Investigation . | . . . . Extermination . | . . . . Reinforcement . | . . . . Assault . | . . . . Garrison . | . . . . Intercept . | . . . . Searches Triggered . | . . . . Construction Impeded . | . . . . Haulers Reinforced . | . . . . Active Scanning Responses . | . . . . Cargo Convoy Interrupts . | . . . . Stealth | -11 -10 -10 -8 --------- Run | Yrd Mat Sub Scr Distress Signals . | . . . . Communications Jammed . | . . . . Distress Signals . | . . . . Times Spotted 33 | . 3 . 30 Peak Tracking Total 10 | . 3 . 10 Tactical Retreats 1 | . . . 1 Traps | -11 -10 -10 -8 ------- Run | Yrd Mat Sub Scr Traps Triggered . | . . . . Indirectly . | . . . . Trap Hack Attempts . | . . . . Triggered . | . . . . Disarmed . | . . . . Reprogrammed . | . . . . Reused . | . . . . Traps Extracted . | . . . . Installed . | . . . . Triggered . | . . . . Machines | -11 -10 -10 -8 ---------- Run | Yrd Mat Sub Scr Machines Disabled . | . . . . Max in Single Turn . | . . . . Machines Repaired . | . . . . Machines Dismantled . | . . . . Machines Sabotaged . | . . . . Overloaded Fab Kills . | . . . . Hacking | -11 -10 -10 -8 --------- Run | Yrd Mat Sub Scr Machines Accessed 7 | . . . 7 Terminals . | . . . . Fabricators . | . . . . Repair Stations . | . . . . Recycling Units . | . . . . Scanalyzers . | . . . . Garrison Access . | . . . . Total Hacks 44 | . . . 44 Successful 44 | . . . 44 Failed . | . . . . Catastrophic . | . . . . Database Lockouts . | . . . . Manual 1 | . 1 . . Terminals . | . . . . Fabricators . | . . . . Repair Stations . | . . . . Recycling Units . | . . . . Scanalyzers . | . . . . Garrison Access . | . . . . Terminal Hacks 44 | . . . 44 Record 43 | . . . 43 Proto ID Catalog 1 | . . . 1 Fabricator Hacks . | . . . . Repair Station Hacks . | . . . . Recycling Unit Hacks . | . . . . Scanalyzer . | . . . . Garrison Access Hacks . | . . . . Unauthorized Hacks . | . . . . Terminals . | . . . . Fabricators . | . . . . Repair Stations . | . . . . Recycling Units . | . . . . Scanalyzers . | . . . . Garrison Access . | . . . . Data Cores Recovered . | . . . . Used . | . . . . Hacking Detections . | . . . . Full Trace Events . | . . . . Feedback Events . | . . . . Feedback Blocked . | . . . . Robot Schematics Acquired . | . . . . Robots Built . | . . . . Authchips . | . . . . Time . | . . . . Total Robot Build Rating . | . . . . Part Schematics Acquired . | . . . . Parts Built . | . . . . Authchips . | . . . . Time . | . . . . Total Part Build Rating . | . . . . Part Studies Acquired . | . . . . Parts Repaired . | . . . . Time . | . . . . Parts Recycled . | . . . . Recycled Matter . | . . . . Retrieved Matter . | . . . . Retrieved Components . | . . . . Parts Scanalyzed . | . . . . Part Schematics Acquired . | . . . . Parts Damaged . | . . . . Bothacking | -11 -10 -10 -8 ------------ Run | Yrd Mat Sub Scr Used RIF Installer . | . . . . Robots Hacked . | . . . . Non-combat . | . . . . Combat . | . . . . Robot Hacks Applied . | . . . . Relay Couplers Released . | . . . . Fabnet Peak Effective % . | . . . . Robots Rewired . | . . . . Allies Hacked . | . . . . Hacks Repelled . | . . . . Allies | -11 -10 -10 -8 -------- Run | Yrd Mat Sub Scr Total Allies . | . . . . Largest Group . | . . . . Highest-Rated Group . | . . . . Highest-Rated Ally . | . . . . Total Orders . | . . . . Ally Attacks . | . . . . Total Damage . | . . . . Kills . | . . . . Allies Corrupted . | . . . . Allies Melted 5 | . . . 5 Intel | -11 -10 -10 -8 ------- Run | Yrd Mat Sub Scr Active Infowar (turns) . | . . . . Robot Analysis Total . | . . . . Derelict Logs Recovered 1 | . . . 1 Drone Launches . | . . . . Drone Recoveries . | . . . . Exploration | -11 -10 -10 -8 ------------- Run | Yrd Mat Sub Scr Turns Passed 2169 | 64 62 40 2003 Spaces Moved 1751 | 47 41 28 1635 Core 12 | 12 . . . Treads . | . . . . Legs 1739 | 35 41 28 1635 Wheels . | . . . . Hover . | . . . . Flight . | . . . . Fastest Speed 50 | 50 120 120 95 Average Speed 118 | 104 120 120 118 Slowest Speed 170 | 120 120 120 170 Overloaded Moves . | . . . . Propulsion Burnouts . | . . . . Robots Hopped . | . . . . Potential Cave-ins . | . . . . Cave-ins Triggered . | . . . . Exploration Rate (%) 24 | 3 6 4 85 Regions Visited 3 Branch Regions 2 Pre-discovered Areas . | . . . . Known Exits Taken . | . . . . Unknown Exits Taken 3 | 1 1 1 . Scrap Searched 4 | . . . 4 Spaces Dug . | . . . . Terrain Destroyed . | . . . . Melee . | . . . . Projectile . | . . . . AOE . | . . . . Terrain Rammed . | . . . . Walls Destroyed . | . . . . Machines Disabled . | . . . . Actions | -11 -10 -10 -8 --------- Run | Yrd Mat Sub Scr Total 1845 | 59 49 35 1702 Wait 6 | . . 5 1 Move 1748 | 46 40 27 1635 Hop . | . . . . Pick Up 33 | 7 4 1 21 Fast Attach 6 | 5 . . 1 Attach 2 | 1 . . 1 Detach . | . . . . Swap 13 | . . . 13 Drop 28 | . 2 2 24 Fire 9 | . 3 . 6 Melee . | . . . . Ram . | . . . . Kick . | . . . . Crush . | . . . . Escape Stasis . | . . . . Rewire . | . . . . Trap . | . . . . Miscellaneous . | . . . . Route ------- -11/Scrapyard -10/Materials -10/Subcaves -8/Scraptown (discovered 2 exits: [*Fac x2]) History --------- Turn | Location | Event 7 | -11/Scrapyard | Discovered new exit (range 16) 65 | -11/Scrapyard | Entered Materials 121 | -10/Materials | Discovered new exit (range 6) 127 | -10/Materials | Entered Subcaves 128 | -10/Subcaves | Approached by a straggling Scientist 160 | -10/Subcaves | Scientist uncovered a shortcut to Scraptown 167 | -10/Subcaves | Entered Scraptown 250 | -8/Scraptown | Heard Great Nut preacher, LISTEN AND RECITE! 305 | -8/Scraptown | Build established: Mutant 572 | -8/Scraptown | Visited IN-MT5's Study 597 | -8/Scraptown | Visited Spacefarers 654 | -8/Scraptown | Visited Comm Corps 696 | -8/Scraptown | Visited Junk Repository 772 | -8/Scraptown | Scanned Subdweller tech in exchange for log data 775 | -8/Scraptown | Learned location of 2 exits from Lower Caves 886 | -8/Scraptown | Visited UFD Registry 886 | -8/Scraptown | Registered with UFD as "Datamaster" 902 | -8/Scraptown | Visited CPS Storage 934 | -8/Scraptown | Visited Fellowship of the Rings 1090 | -8/Scraptown | Discovered new exit (range 5) 1246 | -8/Scraptown | Visited DA-N13 Charitable Foundation 1277 | -8/Scraptown | Visited Supply Room 1307 | -8/Scraptown | Visited Science Guys 1376 | -8/Scraptown | Delivered Scrap Shield to a Scientist 1511 | -8/Scraptown | Visited Abandonware Association 1530 | -8/Scraptown | Learned abandonware demo "KABOOM.EXE" 1530 | -8/Scraptown | Learned abandonware demo "REBOOT5.EXE" 1569 | -8/Scraptown | Visited Infowarlord's Domain 1617 | -8/Scraptown | Visited Modified Component R&D 1709 | -8/Scraptown | Visited Research Penetration Think Tank 1765 | -8/Scraptown | Discovered new exit (range 3) 1794 | -8/Scraptown | Found Scrap Suit 1904 | -8/Scraptown | Met Optimus 1904 | -8/Scraptown | Accepted into 0bPrime 1981 | -8/Scraptown | Civil war broke out across Scraptown 2099 | -8/Scraptown | Lost 11 allies 2145 | -8/Scraptown | Core integrity fell below 50% 2154 | -8/Scraptown | Core integrity fell below 20% 2170 | -8/Scraptown | Destroyed by 8O-EJO(x) with Makeshift Spear Last Messages --------------- [Achievement: Plot Armor] Slug penetrates WV-4J4(j). WV-4J4(j) destroyed. GO-9QY(j) cannibalizes Ovr. Pulse Rifle to repair Ovr. Pulse Rifle. GO-9QY(j) destroyed. VK-J89(j) destroyed. Acquired 4 matter. Dropped Ovr. Titanium Leg. Dropped VSS Leg. Ovr. Titanium Leg suddenly begins malfunctioning. Ovr. Titanium Leg recovered from malfunction. Ovr. Barrage Gun suddenly begins malfunctioning. Destroyed Lgt. Ion Engine. VV-7XB(j): "I'll admit this is sort of exciting." WG-697(j) destroyed. Critical hit (Burn: +50). Slug penetrates EN-2GV(g). EN-2GV(g) destroyed. Ovr. Titanium Leg suddenly begins malfunctioning. Critical hit (Burn: +50). Map ----- +----------------------------------------------------+ | ??#######????????????????????????????????????????? | | ??# """"#????????????????????????????????????????? | | ??# | | #????????????????????????????????????????? | | ??# """"#????????????????????????????????????????? | | ??# ||| #????????????????????????????????????????? | | ??# """"#????????????????????????????????????????? | | ??# || #????????????????????????????????????????? | | ??# """"#???????????????????????????????????? ???? | | ??# || #????????????????????????????????????? ??? | | ??# #???????????????????????????##????????# ?? | | ###### ####???????????????????????#%""""??##### ## | | #????????????????????"""=[% """""" "" | | #?????????????????? %=*!%! | | #????????"?[*????? =[=[*! | | #???????#" !????? ! | | #???????#" *???? [=%= | | # #??????##" !!???? [%!* | | # #??????"" !%????""""" /"""""""""""""" | | # #?????"""= *==??????""""""?????"""""""" | | # #?????"""% =!% ""###### ######???###### | | # #????""""[ *%[ ""# ##???????? | | # #????"""" = ""# X"#???????? | | # ###??""" ""# "" "" ##???????? | | # ""#"#""" ""# " "" X"#??????## | | # """"#"""" ""# j " ######### | | # ""###???# @" !== " j *=[ | | # ###?????# x [%!* !%! | | # #########" =* "# !"! " ######### | | # ![ ![% "# "" "" ""#??????## | | # *%/!! [ !%! ""# "" "" ##???????? | | # %===% =%=%[! ""# X"#???????? | | # [* ! ""# ##??????## | | # ""###### ##############" | | """"""""""""""""""""""" % | | ! = """"""""" """"""""""" | | =%! %= %! | | ! =! ! !* = & | | *= = % %=%/ | | #""""#" [!= ! | | #????#" !%! %= !! | | #????#"""" "*"""""""""" "" """""""% | | ### ### ####????####### ########### ###########= | | ?""""## #????????# #?????# #" | | ## #????????# #?????# # | | " ## #????????# [= #?????#" *""#"" " | | " " ## #????????# $ ! $ #?????# " * *""#"" " | | " "## #????????# ## #?????#" ""*!!#"" | | "? "## #????????# ## #?????#"" """!!#"""" | | ??" "?# #????????##########?????##########""" | | ??"""?# #????????????????????????????????#" | +----------------------------------------------------+ Best States ------------- Heat Dissipation 25 Energy Generation 16 Energy Capacity 290 Matter Stores 300 Matter Capacity 300 Sight Range 16 Terrain Scan Density 110 Evasion (%) 56 Item Schematics ----------------- None Robot Schematics ------------------ None Fabricated ------------ Nothing Repaired ---------- Nothing Studied --------- None Alien Tech Used ----------------- None Achievements -------------- Civilization 2243 Link The Feds Nice Directions, Buddy Plot Armor Slippery One Challenges ------------ None Game ------ Seed ProtonDispersalCompanion Manual? 0 Play Time 00:43:15 Cumulative 9.0 hours Start 2026.07.12 @ 17:21:33 End 2026.07.12 @ 18:10:06 Sessions 1 Manual Loads 0 Difficulty Rogue Special Mode None Game No. 6 Rogue 6 Adventurer 0 Explorer 0 Win Type - Total 0 Types 0/0/0/0/0/0/0/0/0/0 Lore% 14 Gallery% 13 Achievement% 15 Wizard Run 0 Options --------- Layout 0 ASCII 0 Keyboard 1 Movement Vi Keybinds 0 Fullscreen 1 Font 18/SmallcapsGlow Map View 76x50 Zoom Use 0% Tactical HUD 0 Map Filters NONE Filters NONE Steam 1 RUN: 2220b571-1af0-4152-9041-040044b4b000